 Dungeon Crawl Stone Soup version 0.30.2 (webtiles) character file.

Game seed: 8095098081646268233

9093 porpoise the Skirmisher (level 11, 0/87 HPs)
             Began as a Minotaur Hunter on Mar 2, 2024.
             Was a Priest of Hepliaklqana.
             Slain by Snorg (3 damage)
             ... on level 10 of the Dungeon.
             The game lasted 00:34:49 (8866 turns).

porpoise the Skirmisher (Minotaur Hunter)           Turns: 8866, Time: 00:34:50

Health: 0/87       AC: 12    Str: 16    XL:     11   Next: 18%
Magic:  13/13      EV: 12    Int: 12    God:    Hepliaklqana [***...]
Gold:   709        SH:  0    Dex: 24    Spells: 10/10 levels left

rFire   . . .        a - +1 shortbow (freeze)
rCold   + . .        (shield currently unavailable)
rNeg    . . .        E - +1 scale mail {rC+}
rPois   .            (helmet restricted)
rElec   .            T - +0 cloak
rCorr   .            f - +0 pair of gloves
SInv    .            (no boots)
Will    .....        l - amulet of regeneration
Stlth   +            P - +6 ring of dexterity
HPRegen 1.14/turn    v - +6 ring of intelligence
MPRegen 0.13/turn

%: no passive effects
@: no status effects
A: reduced essence, horns 2, retaliatory headbutt
a: Renounce Religion, Recall Ancestor, Ancestor Identity, Transference


You were on level 10 of the Dungeon.
You worshipped Hepliaklqana.
Hepliaklqana was most pleased with you.
You visited 2 branches of the dungeon, and saw 11 of its levels.
You also visited: Sewer.

You collected 709 gold pieces.

Inventory:

Hand Weapons
 a - a +1 shortbow of freezing (weapon)
 b - a +1 dagger of venom
 q - a +1 hand axe of electrocution
 w - the +5 hand axe of Destiny {flame, +Blink rC+ Will+}
   (You found it on level 2 of the Dungeon)

   rC:        It protects you from cold.
   +Blink:    It lets you blink.
   Will:      It increases your willpower.
 B - a +0 arbalest
Missiles
 k - 19 poisoned darts
 x - 4 boomerangs
 I - a throwing net
 O - a curare-tipped dart
Armour
 f - a +0 pair of gloves (worn)
 n - a +0 ring mail
 E - a +1 scale mail of cold resistance (worn)
 J - an orb of mayhem
 L - +0 steam dragon scales
 Q - the -1 pair of boots of Gucvin {rF- Will++ rCorr Dex+2}
   (You found it on level 9 of the Dungeon)

   Dex:       It affects your dexterity (+2).
   rF:        It makes you vulnerable to fire.
   rCorr:     It protects you from acid and corrosion.
   Will:      It greatly increases your willpower.
 T - a +0 cloak (worn)
Jewellery
 l - an amulet of regeneration (around neck)
 v - a +6 ring of intelligence (right hand)
 D - an amulet of the acrobat
 P - a +6 ring of dexterity (left hand)
Wands
 y - a wand of charming (2)
 z - a wand of iceblast (14)
 F - a wand of light (23)
 G - a wand of flame (4)
 K - a wand of polymorph (6)
Scrolls
 e - 7 scrolls of teleportation
 g - 2 scrolls of enchant weapon
 h - 3 scrolls of fear
 i - 2 scrolls of immolation
 j - 5 scrolls of identify
 m - 4 scrolls of noise
 C - a scroll of brand weapon
 R - a scroll of amnesia
 S - a scroll of enchant armour
Potions
 c - 2 potions of attraction
 d - 4 potions of curing
 o - 4 potions of might
 p - 3 potions of haste
 r - a potion of flight
 s - 4 potions of brilliance
 t - 6 potions of mutation
 u - a potion of magic
 A - a potion of resistance
 H - a potion of lignification
 M - a potion of invisibility
 N - 2 potions of heal wounds


   Skills:
 - Level 9.0 Fighting
 * Level 14.3 Ranged Weapons
 - Level 9.0 Armour
 + Level 4.4 Dodging
 - Level 0.7 Stealth
 + Level 5.0 Invocations


You had 10 spell levels left.
You didn't know any spells.
Your spell library contained the following spells:

 Spells                   Type           Power      Damage    Failure   Level
 Apportation              Tloc           0%         N/A       67%         1
 Sandblast                Erth           0%         2d4       67%         1
 Cigotuvi's Dreadful Rot  Necr/Pois/Air  0%         N/A       82%         2
 Ensorcelled Hibernation  Hex/Ice        0%         N/A       82%         2
 Passwall                 Tmut/Erth      0%         N/A       82%         2
 Poisonous Vapours        Pois/Air       0%         N/A       82%         2
 Mephitic Cloud           Conj/Pois/Air  0%         N/A       96%         3
 Spider Form              Tmut/Pois      0%         N/A       96%         3
 Stone Arrow              Conj/Erth      0%         3d7       96%         3
 Anguish                  Hex/Necr       0%         N/A       100%        4
 Dispel Undead            Necr           0%         3d6       100%        4
 Summon Ice Beast         Ice/Summ       0%         N/A       100%        4
 Alistair's Intoxication  Tmut/Pois      0%         N/A       100%        5
 Freezing Cloud           Conj/Ice/Air   0%         6-21      100%        5
 Summon Mana Viper        Hex/Summ       0%         N/A       100%        5
 Death Channel            Necr           0%         N/A       100%        6
 Monstrous Menagerie      Summ           0%         N/A       100%        7


Dungeon Overview and Level Annotations

Branches:
Dungeon (10/15)            Temple (1/1) D:6           Sewer (visited)
   Lair: D:8-11         Orc: D:9-12

Altars:
Ashenzari
Cheibriados
Dithmenos
Elyvilon
Fedhas
Gozag
Hepliaklqana
Kikubaaqudgha
Okawaru
Qazlal
Sif Muna
Trog
Uskayaw
Wu Jian
Xom

Annotations:
D:4 2 runed translucent doors
D:9 dig (high level) | don't tele
D:10 Snorg


Innate Abilities, Weirdness & Mutations

Your life essence is reduced to manifest your ancestor. (-10% HP)
You have a pair of horns on your head.
You reflexively headbutt those who attack you in melee.


Message History

There is an open door here.
You shoot an arrow. The arrow barely misses Snorg.
You shoot an arrow. The arrow barely misses Snorg.
You shoot an arrow. The arrow hits Snorg!
The arrow freezes Snorg.
Snorg is lightly wounded.
You shoot an arrow. The arrow hits Snorg!
The arrow freezes Snorg.
Snorg is moderately wounded.
Snorg misses you. x2; Snorg barely misses you.
You shoot an arrow. The arrow hits Snorg!
The arrow freezes Snorg.
Snorg is heavily wounded.
Snorg bites you! Snorg barely misses you. Snorg claws you but does no damage.
Nikki barely misses Snorg.
You shoot an arrow. The arrow hits Snorg!
The arrow freezes Snorg.
Snorg is severely wounded.
Snorg bites you! Snorg claws you. Snorg misses you.
You shoot an arrow. The arrow hits Snorg.
The arrow freezes Snorg.
Snorg is severely wounded.
Nikki hits Snorg with a +0 flail!
Snorg goes berserk!
You shoot an arrow. The arrow barely misses Snorg.
Snorg bites you but does no damage. Snorg completely misses you.
Snorg closely misses you.
Nikki barely misses Snorg.
Snorg bites you!! Snorg claws you! x2
* * * LOW HITPOINT WARNING * * *
You are too injured to fight recklessly!
You shoot an arrow. The arrow hits Snorg.
The arrow freezes Snorg.
Snorg is almost dead.
Snorg closely misses you. Snorg barely misses you. x2
Okay, then.
You shoot an arrow. The arrow barely misses Snorg.
Snorg bites you but does no damage. Snorg claws you.
* * * LOW HITPOINT WARNING * * *
Snorg claws you!
* * * LOW HITPOINT WARNING * * *
Nikki barely misses Snorg.
You feel much better. Snorg bites you!
* * * LOW HITPOINT WARNING * * *
Snorg claws you!!
* * * LOW HITPOINT WARNING * * *
Snorg claws you.
You die...

#...........#...#..
.....#...........#...#..
.....#...........#...#..
.....#############...#..
.................#...#..
...............#...#..
.............'...#..
#TR.........#...#..
#.@.........#...##'
###'#########......
#......#...........
#......#...........
#......#...........
#......#...........
#################....######...###
.....................#...........
..)................).'...........


You could see the friendly Nikki the knight and Snorg (berserk, ally target).

Vanquished Creatures
  A two-headed ogre (D:10)
  Maurice (D:10)
  An unseen horror (D:10)
  A troll (D:9)
  2 hornets
  A shadow (D:9)
  7 yaks
  5 humans (D:6)
  A steam dragon (D:7)
  Edmund (D:6)
  A vampire mosquito (D:10)
  A water moccasin (D:9)
  3 orc warriors
  A sky beast (D:6)
  2 ogres (D:6)
  2 centaurs
  3 phantoms
  Blork the orc (D:6)
  4 bullfrogs
  A gnoll sergeant (D:9)
  2 scorpions
  3 kobold brigands
  4 wights (D:8)
  10 killer bees
  2 howler monkeys (D:9)
  6 orc priests
  5 hounds
  4 jellies (Sewer)
  A gnoll bouda (D:8)
  A sleepcap (D:5)
  An iguana (D:6)
  3 orc wizards
  13 gnolls
  2 river rats (D:4)
  15 adders
  2 white imps
  A worm (D:3)
  A dart slug (D:2)
  19 orcs
  12 ball pythons
  A bat zombie (D:4)
  14 endoplasms
  2 giant cockroaches (Sewer)
  9 goblins
  A hobgoblin (D:4)
  8 jackals
  15 kobolds
  4 quokkas
  5 bats
  8 frilled lizards
  5 rats
219 creatures vanquished.

Vanquished Creatures (collateral kills)
  A hornet (D:9)
  A wraith (D:9)
  5 yaks
  A vampire mosquito (D:10)
  An ice beast (D:10)
  A bullfrog (D:8)
  A wight (D:8)
  2 killer bees (D:9)
  A howler monkey (D:8)
  2 orc wizards (D:7)
  2 gnolls
  An orc (D:7)
  4 kobolds
23 creatures vanquished.

Vanquished Creatures (others)
  A scorpion (D:5)
  2 killer bees (D:9)
  A knight (D:9)
4 creatures vanquished.

Grand Total: 246 creatures vanquished

Notes
Turn   | Place    | Note
-------+----------+-------------------------------------------
     0 | D:1      | porpoise the Minotaur Hunter began the quest for the Orb.
     0 | D:1      | Reached XP level 1. HP: 18/18 MP: 0/0
   174 | D:1      | Reached XP level 2. HP: 25/25 MP: 1/1
   201 | D:1      | Reached skill level 1 in Armour
   373 | D:1      | Found a faded altar of an unknown god.
   598 | D:2      | Reached skill level 5 in Ranged Weapons
   598 | D:2      | Reached XP level 3. HP: 26/31 MP: 2/2
   912 | D:2      | Identified the +5 hand axe of Destiny {flame, +Blink rC+
                  | Will+}
  1091 | D:2      | Reached XP level 4. HP: 28/38 MP: 3/3
  1773 | D:3      | Reached XP level 5. HP: 45/46 MP: 4/4
  1876 | D:4      | Noticed a phantom
  1881 | D:4      | Killed a phantom
  1882 | D:4      | Reached skill level 6 in Ranged Weapons
  1926 | D:4      | Reached XP level 6. HP: 42/52 MP: 5/5
  2281 | D:4      | Found a glowing drain.
  2285 | Sewer    | Entered a sewer
  2389 | Sewer    | Reached skill level 7 in Ranged Weapons
  2441 | Sewer    | Found a viscous altar of Jiyva.
  2502 | Sewer    | Reached XP level 7. HP: 60/60 MP: 6/6
  2563 | D:4      | Reached skill level 5 in Fighting
  2588 | D:4      | Found a large runed translucent door.
  2588 | D:4      | Found a large runed translucent door.
  2590 | D:4      | Found a shimmering altar of Xom.
  3046 | D:4      | Found an ancient bone altar of Kikubaaqudgha.
  3222 | D:5      | Entered Level 5 of the Dungeon
  3291 | D:5      | Found an ornate altar of the Wu Jian Council.
  3371 | D:5      | Reached skill level 8 in Ranged Weapons
  3400 | D:5      | Reached skill level 5 in Armour
  3835 | D:6      | Reached XP level 8. HP: 70/70 MP: 7/7
  3963 | D:6      | Noticed Edmund
  4019 | D:6      | Killed Edmund
  4024 | D:6      | Found a staircase to the Ecumenical Temple.
  4029 | D:6      | Reached skill level 9 in Ranged Weapons
  4044 | Temple   | Entered the Ecumenical Temple
  4079 | Temple   | Became a worshipper of Hepliaklqana the Forgotten
  4168 | D:6      | Reached skill level 10 in Ranged Weapons
  4400 | D:6      | Reached XP level 9. HP: 75/79 MP: 8/8
  4793 | D:6      | Noticed Blork the orc
  4862 | D:6      | Killed Blork the orc
  5117 | D:6      | Reached skill level 11 in Ranged Weapons
  5379 | D:7      | Reached * piety under Hepliaklqana
  5389 | D:7      | Found a blossoming altar of Fedhas.
  5647 | D:7      | Found a white marble altar of Elyvilon.
  6349 | D:8      | Found a shadowy altar of Dithmenos.
  6533 | D:8      | Reached skill level 12 in Ranged Weapons
  6772 | D:8      | Found a stormy altar of Qazlal.
  6772 | D:8      | Found a shimmering altar of Xom.
  6802 | D:8      | Found a shimmering blue altar of Sif Muna.
  6876 | D:8      | Reached ** piety under Hepliaklqana
  6877 | D:8      | Remembered your ancestor Nikki as a knight
  7105 | D:9      | Reached XP level 10. HP: 81/81 MP: 9/9
  7159 | D:9      | Identified the -1 pair of boots of Gucvin {rF- Will++ rCorr
                  | Dex+2}
  7255 | D:9      | Reached skill level 1 in Invocations
  7328 | D:9      | Noticed a manticore
  7330 | D:9      | Noticed a boulder beetle
  7331 | D:9      | Noticed a catoblepas
  7331 | D:9      | Noticed a cyclops
  7331 | D:9      | Noticed a cyclops
  7332 | D:9      | Noticed a boulder beetle
  7548 | D:9      | Reached skill level 13 in Ranged Weapons
  8081 | D:10     | Entered Level 10 of the Dungeon
  8350 | D:10     | Reached skill level 14 in Ranged Weapons
  8350 | D:10     | Reached XP level 11. HP: 86/87 MP: 13/13
  8677 | D:10     | Noticed Maurice
  8684 | D:10     | Killed Maurice
  8775 | D:10     | Noticed a two-headed ogre
  8781 | D:10     | Killed a two-headed ogre
  8782 | D:10     | Reached skill level 5 in Invocations
  8806 | D:10     | Reached *** piety under Hepliaklqana
  8854 | D:10     | Noticed Snorg
  8866 | D:10     | HP: 3/87 [Snorg (18)]
  8866 | D:10     | Slain by Snorg

Illustrated notes

Levels and vault maps discovered:
D:1:      scummos_arrival_simple_fountains, layout_basic,
          hellmonk_ecumenical_altar_zigzags, minmay_tall_x
D:2:      layout_loops_ring
D:3:      layout_rooms
D:4:      due_chaos_kobolds, layout_loops_ring,
          lemuel_zombie_altar_kikubaaqudgha, serial_rivers,
          chequers_serial_rivers_room_a, chequers_serial_rivers_small_3,
          chequers_serial_rivers_large_a, chequers_serial_rivers_micro_b,
          gup_sewer_entry_bowl, roderic_serpentine_path, hex_medium
D:5:      layout_basic, pdpol_wu_jian_five_deadly_venoms
D:6:      layout_loops_ring, minmay_temple_entry_stoned_glass, minmay_ruffians,
          uniq_edmund, uniq_blork_the_orc
D:7:      layout_cave_pools, kennysheep_mini, lemuel_tele_altar
D:8:      layout_cave_pods, nicolae_dithmenos_through_a_glass_darkly,
          gammafunk_temple_overflow_forgotten
D:9:      layout_gridville, nicolae_zen_rock_garden, st_stairs_9, minivault_12
D:10:     layout_grid_maze, hellmonk_lair_entry_icy, uniq_snorg, uniq_maurice
Temple:   nicolae_temple_bog_church

Skill      XL: |  1  2  3  4  5  6  7  8  9 10 11 |
---------------+----------------------------------+-----
Armour         | 1 2 3 4 5 6 8 9 |  9.0
Fighting       | 3 4 6 7 9 |  9.0
Ranged Weapons | 5 6 7 8 10 12 14 | 14.3
Invocations    | 4 5 |  5.0
Dodging        | 3 4 |  4.4
Stealth        | |  0.7

Action                     |  1- 3 |  4- 6 |  7- 9 | 10-12 || total
---------------------------+-------+-------+-------+-------++-------
  Melee: Hand axe          |       |     9 |     2 |       ||    11
         Headbutt          |       |     1 |     6 |       ||     7
         Dagger            |       |       |     7 |       ||     7
         Unarmed           |       |       |     1 |       ||     1
   Fire: Shortbow          |    68 |   158 |   383 |   162 ||   771
 Invoke: Ancestor Life: Kn |       |       |     1 |       ||     1
         Ancestor Identity |       |       |     1 |       ||     1
         Recall Ancestor   |       |       |       |     2 ||     2
  Evoke: Wand              |       |       |     3 |     6 ||     9
    Use: Scroll            |     1 |    10 |     8 |     4 ||    23
         Potion            |       |       |     2 |     1 ||     3
 Armour: Leather armour    |     7 |    12 |       |       ||    19
         Ring mail         |       |     3 |    23 |       ||    26
         Scale mail        |       |       |    76 |    26 ||   102
  Dodge: Dodged            |    19 |    38 |   127 |    62 ||   246
